 Dungeon Crawl Stone Soup version 0.21.1-1-g345015f (webtiles) character file.

478 rutigerpupkin the Shield-Bearer (level 7, -7/44 HPs)
             Began as a Gargoyle Fighter on Apr 4, 2018.
             Killed by divine providence
             ... invoked by an orc priest
              (12 damage)
             ... on level 4 of the Dungeon.
             The game lasted 00:08:32 (2468 turns).

rutigerpupkin the Shield-Bearer (Gargoyle Fighter)  Turns: 2468, Time: 00:08:32

Health: -7/44      AC: 14    Str: 20    XL:     7   Next: 11%
Magic:  7/7        EV:  5    Int:  8    God:
Gold:   119        SH: 10    Dex: 11    Spells: 6/6 levels left

rFire    . . .     SeeInvis .   a - +0 flail
rCold    . . .     Gourm    .   c - +0 shield
rNeg     + . .     Faith    .   h - +0 chain mail
rPois    ∞         Spirit   .   (no helmet)
rElec    +         Reflect  .   (no cloak)
rCorr    .         Harm     .   (no gloves)
MR       .....     Rnd*Tele +   (no boots)
Stlth    ..........             (no amulet)
HPRegen  0.14/turn              k - ring of teleportation (curse)
MPRegen  0.10/turn              (no ring)

@: hasted, very quick
A: negative energy resistance 1, electricity resistance, unbreathing,
petrification resistance, rot immunity, AC +4
a: no special abilities


You were on level 4 of the Dungeon.
You were not hungry.

You visited 1 branch of the dungeon, and saw 5 of its levels.

You collected 119 gold pieces.

Inventory:

Hand Weapons
 a - a +0 flail (weapon)
Missiles
 m - 10 poisoned needles
Armour
 c - a +0 shield (worn)
 h - a +0 chain mail (worn)
Jewellery
 d - an uncursed ring of protection from fire {unknown}
 k - a cursed ring of teleportation (left hand)
 u - an uncursed amulet of guardian spirit {unknown}
Wands
 t - a wand of paralysis (12)
Scrolls
 b - 2 scrolls of remove curse {unknown}
 e - 2 scrolls of teleportation {unknown}
 g - 4 scrolls of amnesia {unknown}
 i - 2 scrolls of enchant weapon {unknown}
 l - a scroll of identify {unknown}
 p - a scroll of immolation {unknown}
 q - a scroll of blinking {unknown}
 s - a scroll of enchant armour {unknown}
 w - a scroll of magic mapping {unknown}
Potions
 j - a potion of haste
 n - a potion of degeneration {unknown}
 o - a potion of lignification {unknown}
 r - a potion of heal wounds {unknown}
Comestibles
 f - 4 rations


   Skills:
 + Level 5.0 Fighting
 + Level 4.1 Maces & Flails
 + Level 5.1 Armour
 + Level 5.1 Shields


You had 6 spell levels left.
You didn't know any spells.

Dungeon Overview and Level Annotations

Branches:
Dungeon (5/15)
 Temple: D:4-7

Altars:
Fedhas
Ru
Sif Muna
Uskayaw
Vehumet
Wu Jian
The Shining One

Annotations:
D:5 Sigmund


Innate Abilities, Weirdness & Mutations

You are resistant to torment.
Your stone body is resilient. (AC +4)
You are immune to poison.
You resist negative energy. (rN+)
You are resistant to electric shocks. (rElec)
You can survive without breathing.
You are immune to petrification.
You are immune to rotting.


Message History

You sock the orc priest!
You kill the orc priest!
You block the orc priest's attack.
You hit the orc priest but do no damage.
The orc hits you.
The orc priest hits you but does no damage. x2
You barely miss the orc priest. The orc hits you but does no damage.
You block the orc priest's attack.
The orc priest mumbles some strange prayers to Beogh against you.
Beogh smites you!
* * * LOW HITPOINT WARNING * * *
The orc hits you.
* * * LOW HITPOINT WARNING * * *
It was a potion of haste.
You feel yourself speed up. The orc priest closely misses you.
The orc priest barely misses you. The orc hits you but does no damage.
You closely miss the orc priest.
The orc priest invokes the aid of Beogh against you.
Beogh smites you!
You die...

# .# ##..#
#..$.#
#o..$..
###ooa#
#>@o#
#.......###
###....##
##..# #..
#.. .. ..#


You could see a worker ant, 2 orc priests and 2 orcs.

Vanquished Creatures
  Prince Ribbit (D:5)
  A crimson imp (D:5)
  3 orc priests
  An orc wizard (D:5)
  A worker ant (D:5)
  2 adders (D:2)
  An ooze (D:1)
  3 worms
  A dart slug (D:1)
  6 leopard geckos
  6 orcs
  3 giant cockroaches
  6 goblins
  6 hobgoblins
  6 jackals (D:1)
  13 kobolds
  2 quokkas (D:5)
  6 bats
  4 frilled lizards
  A jackal zombie (D:3)
  6 rats
  A bush (D:2)
  4 plants (D:2)
84 creatures vanquished.

Notes
Turn   | Place    | Note
-------+----------+-------------------------------------------
     0 | D:1      | rutigerpupkin the Gargoyle Fighter began the quest for the Orb.
     0 | D:1      | Reached XP level 1. HP: 14/14 MP: 1/1
    25 | D:1      | Reached XP level 2. HP: 3/19 MP: 2/2
   490 | D:1      | Reached XP level 3. HP: 19/23 MP: 3/3
  1108 | D:2      | Reached XP level 4. HP: 22/29 MP: 4/4
  1514 | D:2      | Found a faded altar of an unknown god.
  1798 | D:3      | Found a glowing golden altar of the Shining One.
  1798 | D:3      | Found an ornate altar of the Wu Jian Council.
  1799 | D:3      | Found a radiant altar of Vehumet.
  1800 | D:3      | Found a hide-covered altar of Uskayaw.
  1800 | D:3      | Found a deep blue altar of Sif Muna.
  1800 | D:3      | Found a sacrificial altar of Ru.
  1801 | D:3      | Found a blossoming altar of Fedhas.
  1931 | D:3      | You fall through a shaft for 2 floors!
  1931 | D:5      | Entered Level 5 of the Dungeon
  1938 | D:5      | Noticed Prince Ribbit
  1958 | D:5      | Reached XP level 5. HP: 31/33 MP: 5/5
  1989 | D:5      | Killed Prince Ribbit
  1989 | D:5      | Reached XP level 6. HP: 6/40 MP: 6/6
  2218 | D:5      | Reached skill level 5 in Shields
  2263 | D:5      | Reached skill level 5 in Armour
  2278 | D:5      | Reached skill level 5 in Fighting
  2278 | D:5      | Reached XP level 7. HP: 29/44 MP: 7/7
  2427 | D:5      | Noticed Sigmund
  2468 | D:4      | Killed from afar by an orc priest

Skill      XL: |  1  2  3  4  5  6 |
---------------+-------------------+-----
Shields        | 4 5 |  5.1
Armour         | 4 5 |  5.1
Fighting       | 4 5 |  5.0
Maces & Flails | 3 4 |  4.1

Action                   |  1- 3 |  4- 6 |  7- 9 || total
-------------------------+-------+-------+-------++-------
Melee: Flail             |   175 |   281 |     8 ||   464
Evoke: Wand              |       |     2 |       ||     2
  Use: Potion            |       |     2 |     1 ||     3
 Stab: Paralysed         |       |     4 |       ||     4
  Eat: Chunk             |     1 |     5 |       ||     6
Armor: Scale mail        |    42 |       |       ||    42
       Chain mail        |    84 |   113 |     9 ||   206
Dodge: Dodged            |    50 |    51 |     3 ||   104
Block: Shield            |   115 |   117 |     2 ||   234
